AoeStats
← Helldogs3732

Arabia

504356681Analyzed
4v4 RM · 26d ago on Sep 5, 2026· 79m 30s· 8 players
Game mode
Random Map
Map size
Large (8 player)
Population
200
Speed
Normal
Resources
Standard
Victory
Conquest
Starting age
Dark Age
Ending age
Imperial Age
RankedLock teamsTeams togetherTeam positionsShared explorationLock speedFull tech treeHidden civsTurbo modeCheats
Victory
Defeat
🇺🇸 Teutons · United States
823
+18
🇨🇷 Teutons · Costa Rica
818
+19
🇹🇼 Franks · Taiwan
817
+19
🇮🇹 Mongols · Italy
817
+19
🇲🇽 Chinese · Mexico
1059
-26
🇨🇴 Koreans · Colombia
959
-22
🇺🇸 Burgundians · United States
934
-21
🇲🇽 Khmer · Mexico
543
-6
Sanguinius7193
0:52 Loom
11:57 Feudal Age
16:27 Castle Age
14:25 Double-Bit Axe
14:30 Horse Collar
18:28 Heavy Plow
18:41 Bow Saw
21:10 Fletching
23:57 Scale Barding Armor
25:25 Bloodlines
27:31 Forging
42:32 Bodkin Arrow
47:54 Scale Mail Armor
68:53 Squires
68:41 Arson
74:09 Imperial Age
73:34 Wheelbarrow
74:31 Gold Mining
75:04 Elite Teutonic Knight
76:42 Hand Cart
77:04 Ballistics
78:15 Heavy Scorpion
79:47 Chain Mail Armor
80:11 Iron Casting
mandalvarado
3:09 Loom
11:32 Feudal Age
13:54 Double-Bit Axe
19:47 Castle Age
19:57 Bloodlines
20:52 Forging
21:19 Scale Barding Armor
29:28 Pikeman
33:58 Imperial Age
31:44 Bow Saw
31:16 Horse Collar
31:40 Gold Mining
34:23 Wheelbarrow
35:46 Iron Casting
37:45 Hand Cart
38:03 Cavalier
38:47 Squires
38:33 Arson
40:24 Two-Man Saw
39:17 Stone Mining
39:20 Capped Ram
40:15 Paladin
43:19 Elite Teutonic Knight
48:42 Chemistry
48:59 Ballistics
58:50 Blast Furnace
58:11 Chain Barding Armor
74:44 Caravan
Sacresh Martire
10:34 Feudal Age
11:36 Double-Bit Axe
16:39 Castle Age
15:19 Horse Collar
19:24 Scale Barding Armor
20:13 Fletching
20:22 Loom
24:03 Town Watch
24:53 Wheelbarrow
26:40 Forging
26:31 Scale Mail Armor
26:55 Bow Saw
29:49 Gold Mining
32:15 Light Cavalry
33:05 Bloodlines
32:56 Husbandry
34:39 Nomads
37:52 Imperial Age
35:38 Hand Cart
35:24 Town Patrol
38:21 Iron Casting
38:08 Chain Barding Armor
37:47 Bodkin Arrow
39:05 Gold Shaft Mining
38:20 Stone Mining
41:49 Onager
46:01 Siege Onager
47:12 Conscription
47:09 Heavy Plow
49:05 Stone Mining
51:00 Ballistics
50:51 Siege Engineers
54:10 Blast Furnace
53:11 Bracer
53:34 Drill
52:59 Heavy Camel Rider
55:29 Elite Mangudai
67:03 Capped Ram
68:43 Siege Ram
皮卡皮卡
Helldogs3732
6:00 Loom
10:15 Feudal Age
12:11 Wheelbarrow
17:42 Gold Mining
24:03 Castle Age
28:23 Town Watch
31:16 Double-Bit Axe
32:51 Husbandry
40:00 Wheelbarrow
40:21 Bow Saw
42:43 Town Patrol
42:59 Hand Cart
56:18 Padded Archer Armor
56:08 Fletching
56:42 Ballistics
57:41 Pikeman
58:07 Arson
64:57 Man-at-Arms
66:16 Scale Barding Armor
66:26 Leather Archer Armor
66:07 Bodkin Arrow
66:14 Scale Mail Armor
67:19 Gold Shaft Mining
67:05 Bloodlines
66:17 Light Cavalry
71:06 Horse Collar
73:37 Heavy Plow
74:16 Chain Mail Armor
MKNT NavyBlock
3:03 Loom
8:07 Loom
10:40 Feudal Age
19:45 Castle Age
20:34 Husbandry
21:18 Double-Bit Axe
21:27 Gold Mining
22:25 Cavalier
24:30 Scale Barding Armor
24:25 Scale Mail Armor
25:50 Pikeman
26:52 Chain Mail Armor
27:02 Chain Barding Armor
38:16 Bow Saw
40:06 Two-Man Saw
42:50 Horse Collar
49:21 Wheelbarrow
52:09 Hand Cart
56:24 Gold Shaft Mining
60:53 Squires
62:36 Light Cavalry
rakz
0:30 Loom
10:37 Feudal Age
18:03 Castle Age
17:51 Bloodlines
18:04 Forging
18:11 Horse Collar
18:18 Double-Bit Axe
21:43 Scale Barding Armor
22:27 Gold Mining
22:57 Husbandry
33:03 Iron Casting
33:16 Wheelbarrow
38:57 Imperial Age
38:02 Heavy Plow
39:01 Cavalier
41:47 Hand Cart
43:59 Gold Shaft Mining
46:47 Crossbowman
47:33 Thumb Ring
47:54 Padded Archer Armor
47:44 Fletching
48:55 Blast Furnace
47:55 Scale Mail Armor
49:15 Stone Mining
50:11 Arbalester
51:44 Bow Saw
52:47 Conscription
51:52 Light Cavalry
54:27 Chemistry
54:01 Ballistics
54:03 Elite Chu Ko Nu
56:08 Chemistry
55:50 Leather Archer Armor
55:31 Bodkin Arrow
55:56 Chain Barding Armor
56:26 Sappers
57:37 Ring Archer Armor
57:08 Bracer
56:38 Elite Skirmisher
59:11 Stone Shaft Mining
59:04 Great Wall
59:22 Heavy Scorpion
63:47 Elite Fire Lancer
64:13 Arson
64:45 Pikeman
65:25 Squires
66:28 Halberdier
67:35 Chain Mail Armor
67:56 Plate Barding Armor
70:11 Plate Mail Armor
74:11 Town Watch
MKNT | MSP
Connection lost

Rejoining the realm…

Still unreachable

The connection could not be restored.

Session expired

The server has moved on; the page needs a fresh start.